 Dungeon Crawl Stone Soup version 0.26.1-13-g052cdd8df3 (webtiles) character file.

Game seed: 13710090341944418649

18781 acdeimund the Destroyer (level 12, 70/70 HPs)
             Began as a Deep Elf Conjurer on Apr 29, 2021.
             Was a Priest of Vehumet.
             Quit the game on level 2 of the Lair of Beasts on Jan 26, 2022.
             The game lasted 01:10:32 (18648 turns).

acdeimund the Destroyer (Deep Elf Conjurer)        Turns: 18648, Time: 01:10:33

Health: 70/70      AC:  5    Str:  4    XL:     12   Next: 30%
Magic:  29/29      EV: 17    Int: 29    God:    Vehumet [***...]
Gold:   282        SH:  0    Dex: 13    Spells: 12/34 levels left

rFire    . . .     SeeInvis .   K - staff of conjuration
rCold    . . .     Faith    .   (no shield)
rNeg     . . .     Spirit   .   a - +1 robe
rPois    .         Reflect  .   (no helmet)
rElec    .         Harm     .   C - +0 cloak
rCorr    .         Rampage  .   s - +0 pair of gloves
Will     +....                  (no boots)
Stlth    +++++.....             (no amulet)
HPRegen  0.21/turn              e - ring of stealth
MPRegen  0.21/turn              t - ring of wizardry

@: no status effects
A: no striking features
a: Renounce Religion


You were on level 2 of the Lair of Beasts.
You worshipped Vehumet.
Vehumet was most pleased with you.
You visited 3 branches of the dungeon, and saw 13 of its levels.

You collected 854 gold pieces.
You spent 572 gold pieces at shops.

Inventory:

Hand Weapons
 b - a +0 spear
 j - a +0 dagger
 o - a +1 dagger of freezing
 x - a +2 dagger of venom
Missiles
 G - 460 stones
Armour
 a - a +1 robe (worn)
 s - a +0 pair of gloves (worn)
 C - a +0 cloak (worn)
 L - the +1 leather armour of Inaction {Will++ Regen+ Str-5 Dex+2}
   (You found it on level 10 of the Dungeon)

   It affects your strength (-5).
   It affects your dexterity (+2).
   It affects your willpower, your defense against some magical effects.
   It increases your rate of regeneration.
Magical Staves
 K - an uncursed staff of conjuration (weapon)
Jewellery
 e - a ring of stealth (left hand)
 p - an uncursed ring of positive energy
 t - a ring of wizardry (right hand)
 A - a +6 ring of dexterity
 J - an uncursed ring of flight {unknown}
Wands
 y - a wand of disintegration (7)
 z - a wand of polymorph (9)
 D - a wand of acid (10)
 E - a wand of enslavement (9)
 F - a wand of random effects (21)
 H - a wand of paralysis (6)
 I - a wand of iceblast (5)
Scrolls
 i - 9 scrolls of remove curse
 l - 5 scrolls of enchant armour
 r - 2 scrolls of enchant weapon
 w - 4 scrolls of amnesia
 M - a scroll of identify
Potions
 c - 2 potions of magic
 d - 5 potions of curing
 f - 2 potions of heal wounds
 g - 4 potions of attraction
 h - 4 potions of haste
 k - 3 potions of lignification
 m - a potion of might {unknown}
 n - 3 potions of mutation {unknown}
 q - 2 potions of degeneration {unknown}
 u - 6 potions of brilliance {unknown}
 v - 2 potions of invisibility {unknown}
 B - a potion of ambrosia {unknown}


   Skills:
 + Level 6.2 Fighting
 + Level 9.4 Dodging
 + Level 10.1 Stealth
 * Level 11.8 Spellcasting
 * Level 12.4 Conjurations
 - Level 8.0 Earth Magic


You had 12 spell levels left.
You knew the following spells:

 Your Spells              Type           Power        Failure   Level
a - Magic Dart            Conj           100%         0%          1
b - Searing Ray           Conj           100%         1%          2
c - Dazzling Flash        Conj/Hex       100%         1%          3
d - Iskenderun's Mystic   Conj/Tloc      68%          1%          4
e - Iskenderun's Battles  Conj           93%          1%          5
f - Iron Shot             Conj/Erth      43%          1%          6
g - Sandblast             Erth           100%         1%          1

Your spell library contained the following spells:

 Spells                   Type           Power        Failure   Level
 Ignite Poison            Fire/Tmut/Pois 17%          1%          3
 Beastly Appendage        Tmut           34%          1%          1
 Wereblood                Tmut           17%          1%          2
 Fulminant Prism          Conj/Hex       34%          1%          4
 Bolt of Magma            Conj/Fire/Erth 35%          1%          5
 Orb of Destruction       Conj           46%          1%          7
 Spider Form              Tmut/Pois      8%           4%          3
 Ice Form                 Ice/Tmut       17%          12%         4
 Spellforged Servitor     Conj/Summ      34%          21%         7
 Blade Hands              Tmut           8%           32%         5


Dungeon Overview and Level Annotations

Branches:
Dungeon (10/15)            Temple (1/1) D:4            Lair (2/6) D:9
  Swamp: Lair:2-4    Shoals: Lair:2-4     Snake: Lair:2-4    Spider: Lair:2-4
    Orc: D:9-12

Altars:
Ashenzari
Cheibriados
Dithmenos
Elyvilon
Fedhas
Gozag
Hepliaklqana
Kikubaaqudgha
Makhleb
Nemelex Xobeh
Okawaru
Qazlal
Ru
Sif Muna
Trog
Uskayaw
Vehumet
Wu Jian
Xom
Yredelemnul
Zin
The Shining One

Shops:
D:4 ?   D:5 [(   D:8 *

Annotations:
D:5 2 transporters, AgateBread's ghost, novice DrTm


Message History

Casting: Iskenderun's Mystic Blast (safe; 1% risk of failure)
Confirm with . or Enter, or press ? or * to list all spells.
Aiming: Searing Ray (safe; 1% risk of failure)
Press: ? - help, Shift-Dir - straight line, f/p - basilisk
Aim: a basilisk (heavily wounded, 21% to evade)
You feel a surge of power!
The searing ray hits the basilisk!!
You kill the basilisk!
Vehumet accepts your kill. (Press . to maintain the ray.)
A nearby plant withers and dies.
Done exploring.
Done exploring.
Saving game... please wait.
Welcome back, acdeimund the Deep Elf Conjurer.
Vehumet says: Let it end in hellfire!
Press ? for a list of commands and other information.
Welcome back, acdeimund the Deep Elf Conjurer.
Vehumet says: Let it end in hellfire!
Press ? for a list of commands and other information.
Are you sure you want to abandon this character and quit the game? (Confirm with "yes".)

#....######....####....
#.......###.....###....
###......#......P###...
###............# ##..
#.#..#.....#.# ###
##.#....##.##### #
##.....P#####.####
##......# #......
#@###...####...... ###
#......###....
##....#####...
##.....#####.
#P....#.####
###.....##.P ##.....#..
##....... #......#


There were no monsters in sight!

Vanquished Creatures
  An orc knight (D:10)
  An ugly thing (D:10)
  6 elephants (Lair:1)
  A black mamba (Lair:2)
  Joseph (D:8)
  4 cane toads
  2 komodo dragons
  A troll (D:6)
  Prince Ribbit (D:6)
  A vampire (D:10)
  51 yaks
  2 basilisks (Lair:2)
  Grum (D:10)
  Edmund (D:5)
  6 water moccasins
  2 black bears
  An orc warrior (D:9)
  3 phantoms
  4 sky beasts
  2 ogres
  2 ice beasts
  4 wolves (D:10)
  A necrophage (D:9)
  6 centaurs
  2 big kobolds
  12 bullfrogs
  2 gnoll sergeants (D:7)
  A water moccasin skeleton (D:4)
  3 wights (D:6)
  2 howler monkeys
  A quasit (D:10)
  5 hounds
  Crazy Yiuf (D:7)
  An orc priest (D:9)
  4 bullfrog skeletons
  2 jellies
  An orc wizard (D:3)
  A centaur skeleton (D:8)
  7 worker ants
  Natasha (thrice) (D:3)
  2 iguanas (D:6)
  4 hell rats (Lair:2)
  A hound skeleton (D:8)
  A worker ant zombie (D:8)
  10 adders
  7 gnolls (D:7)
  2 shadow imps
  2 white imps (D:5)
  An ooze (D:4)
  An adder zombie (D:7)
  An adder skeleton (D:8)
  3 worms
  2 dart slugs (D:1)
  18 orcs
  5 giant cockroaches
  12 goblins
  9 hobgoblins
  16 jackals
  18 kobolds
  3 quokkas
  4 bats
  2 frilled lizards
  A jackal skeleton (D:4)
  A leopard gecko skeleton (D:4)
  5 rats
284 creatures vanquished.

Vanquished Creatures (others)
  13 fungi
  15 plants
28 creatures vanquished.

Grand Total: 312 creatures vanquished

Notes
Turn   | Place    | Note
-------+----------+-------------------------------------------
     0 | D:1      | acdeimund the Deep Elf Conjurer began the quest for the
                  | Orb.
     0 | D:1      | Reached XP level 1. HP: 10/10 MP: 6/6
   188 | D:1      | Reached XP level 2. HP: 15/15 MP: 2/8
   191 | D:1      | Learned a level 2 spell: Searing Ray
   451 | D:1      | Reached skill level 5 in Conjurations
  1019 | D:1      | Reached XP level 3. HP: 19/19 MP: 7/9
  1389 | D:1      | Learned a level 3 spell: Dazzling Flash
  1424 | D:2      | Found a bloodstained altar of Trog.
  1948 | D:2      | Reached skill level 6 in Conjurations
  2383 | D:2      | Reached XP level 4. HP: 24/24 MP: 6/10
  2806 | D:3      | Noticed Natasha
  2810 | D:3      | Killed Natasha
  2984 | D:3      | Noticed Natasha
  2988 | D:3      | Killed Natasha
  2989 | D:3      | Reached skill level 7 in Conjurations
  2989 | D:3      | Reached XP level 5. HP: 26/28 MP: 6/11
  3207 | D:3      | Learned a level 4 spell: Iskenderun's Mystic Blast
  3386 | D:3      | Found a shadowy altar of Dithmenos.
  3513 | D:3      | Noticed Natasha
  3521 | D:3      | Killed Natasha
  3919 | D:4      | Reached skill level 8 in Conjurations
  3938 | D:3      | Reached XP level 6. HP: 10/32 MP: 0/12
  4732 | D:4      | Found a staircase to the Ecumenical Temple.
  4789 | D:4      | Reached skill level 1 in Fighting
  4794 | Temple   | Entered the Ecumenical Temple
  5176 | D:4      | Found Lodi's Magic Scroll Boutique.
  5180 | D:4      | Reached XP level 7. HP: 37/38 MP: 9/14
  5634 | D:5      | Entered Level 5 of the Dungeon
  5778 | D:5      | Noticed Edmund
  5785 | D:5      | Killed Edmund
  6003 | D:5      | Found a transporter.
  6005 | D:5      | Noticed AgateBread's ghost (novice DrTm)
  6145 | D:5      | Reached skill level 5 in Spellcasting
  6235 | D:5      | Found a transporter.
  6312 | D:5      | Reached XP level 8. HP: 42/44 MP: 14/17
  6417 | D:5      | Found a white marble altar of Elyvilon.
  6444 | D:5      | Found Vaxzecw's Armour Shoppe.
  6640 | D:5      | Found a burning altar of Makhleb.
  6737 | D:5      | Found Saof's Antique Weapon Shoppe.
  6805 | D:6      | Reached skill level 9 in Conjurations
  6833 | D:6      | Reached skill level 5 in Stealth
  6902 | D:6      | Noticed Prince Ribbit
  7091 | D:6      | Killed Prince Ribbit
  7092 | D:6      | Reached skill level 5 in Dodging
  7467 | D:6      | Reached XP level 9. HP: 51/51 MP: 15/20
  7694 | D:6      | Found a glowing golden altar of the Shining One.
  7962 | D:6      | Found an ancient bone altar of Kikubaaqudgha.
  7970 | D:6      | Noticed a troll
  7978 | D:6      | Killed a troll
  8205 | D:6      | Reached skill level 10 in Conjurations
  8659 | D:7      | Found a runed translucent door.
  8660 | D:7      | Noticed Crazy Yiuf
  8665 | D:7      | Killed Crazy Yiuf
  8720 | D:7      | Found a radiant altar of Vehumet.
  8729 | D:7      | Became a worshipper of Vehumet
  9537 | D:8      | Learned a level 5 spell: Iskenderun's Battlesphere
  9544 | D:8      | Learned a level 6 spell: Iron Shot
  9561 | D:8      | Found a blossoming altar of Fedhas.
  9806 | D:8      | Noticed Joseph
  9817 | D:8      | Killed Joseph
  9818 | D:8      | Reached skill level 1 in Earth Magic
  9818 | D:8      | Reached XP level 10. HP: 54/58 MP: 11/24
 10189 | D:8      | Reached * piety under Vehumet
 10189 | D:8      | Offered knowledge of Sandblast by Vehumet.
 10243 | D:8      | Learned a level 1 spell: Sandblast
 10376 | D:8      | Found an ancient bone altar of Kikubaaqudgha.
 10559 | D:8      | Found Punum's Serpentskin Sales.
 10927 | D:8      | Reached skill level 5 in Earth Magic
 13112 | D:9      | Found a staircase to the Lair.
 13428 | D:4      | Bought a scroll of acquirement for 572 gold pieces
 13428 | D:4      | Acquired an uncursed staff of conjuration
 13560 | D:10     | Entered Level 10 of the Dungeon
 13815 | D:10     | Offered knowledge of Freeze by Vehumet.
 13819 | D:10     | Reached ** piety under Vehumet
 13982 | D:10     | Noticed an orc knight
 13984 | D:10     | Noticed a white ugly thing
 14009 | D:10     | Killed an orc knight
 14010 | D:10     | Reached skill level 5 in Fighting
 14010 | D:10     | Reached XP level 11. HP: 63/63 MP: 9/26
 14141 | D:10     | Killed a white ugly thing
 14525 | D:10     | Noticed Grum
 14531 | D:10     | Killed Grum
 14532 | D:10     | Reached skill level 11 in Conjurations
 14923 | D:10     | Got a smoking leather armour
 14939 | D:10     | Identified the +1 leather armour of Inaction {Will++ Regen+
                  | Str-5 Dex+2} (You found it on level 10 of the Dungeon)
 14939 | D:10     | Lost strength.
 15141 | Lair:1   | Entered Level 1 of the Lair of Beasts
 15354 | Lair:1   | Reached skill level 10 in Spellcasting
 16052 | Lair:1   | Offered knowledge of Inner Flame by Vehumet.
 16689 | Lair:1   | Reached *** piety under Vehumet
 17318 | Lair:2   | Reached skill level 12 in Conjurations
 17375 | Lair:2   | Reached XP level 12. HP: 69/69 MP: 21/29
 17941 | Lair:2   | Reached skill level 10 in Stealth
 18298 | Lair:2   | Offered knowledge of Ignite Poison by Vehumet.
 18648 | Lair:2   | Upgraded the game from 0.26.1-11-gd32895ea62 to
                  | 0.26.1-13-g052cdd8df3
 18648 | Lair:2   | Quit the game

Illustrated notes

Levels and vault maps discovered:
D:1:      lemuel_arrival_cross, layout_basic
D:2:      layout_loops_ring, lemuel_tele_altar
D:3:      layout_loops_ring, nicolae_overflow_hidden_temple, uniq_natasha
D:4:      layout_loops_corners, minmay_temple_entry_junction, serial_shops, shop
D:5:      layout_loops_ring, kennysheep_mini_moat, gammafunk_ghost_arena,
          serial_shops, kennysheep_mini, nicolae_shop_crystal,
          makhleb_blood_cavern_becter, uniq_edmund
D:6:      layout_loops_cross, tso_oasis_becter, basic_altar,
          minmay_misc_feat_iff, kennysheep_doodads, hex_large,
          uniq_prince_ribbit1
D:7:      layout_basic, old_standard_altar, uniq_crazy_yiuf_cottage
D:8:      minmay_chambers_of_fours, layout_loops_corners,
          lemuel_coloured_pillars_altar, fedhas_altar_2, guppyfry_shop_venom,
          uniq_joseph
D:9:      layout_irregular_city, lair_entry_dummy
D:10:     layout_cave_pods, minmay_checkerbox, uniq_grum
Temple:   eino_temple_scatter_basement
Lair:1:   layout_chaotic_city, eino_small_chamber_without_monster
Lair:2:   layout_concentric_octagons

Skill      XL: |  1  2  3  4  5  6  7  8  9 10 11 12 |
---------------+-------------------------------------+-----
Conjurations   | 5 6 7 8 9 10 12 | 12.4
Stealth        | 3 4 6 7 8 9 10 | 10.1
Dodging        | 3 4 5 7 9 |  9.4
Fighting       | 1 2 3 4 5 6 |  6.2
Spellcasting   | 5 6 8 9 11 | 11.8
Earth Magic    | 1 8 |  8.0

Action                   |  1- 3 |  4- 6 |  7- 9 | 10-12 || total
-------------------------+-------+-------+-------+-------++-------
Melee: Dagger            |       |     2 |     3 |       ||     5
       Staff             |       |       |       |     2 ||     2
 Cast: Magic Dart        |    63 |    46 |    43 |    45 ||   197
       Searing Ray       |     8 |    28 |    60 |    97 ||   193
       Iskenderun's Myst |       |     1 |    11 |    40 ||    52
       Iskenderun's Batt |       |       |     1 |     6 ||     7
       Sandblast         |       |       |       |    15 ||    15
       Iron Shot         |       |       |       |    26 ||    26
Evoke: Wand              |       |       |       |     2 ||     2
  Use: Scroll            |       |     7 |     6 |     6 ||    19
Armor: Robe              |       |     3 |     4 |     9 ||    16
Dodge: Dodged            |     2 |    11 |    33 |    65 ||   111
